General information
- name: BNet
- type: Ladder team game (AT/RT)
- host: Battle.net
- saver: JacquesBreI
map: MarketSquare
- players: 8
- length: 49:41
- speed: Fast
- version: 1.26 W3XP
- replay type: Public
» download(238 KB)
Players
team 1 (winner)

»
MUTHAFNGayFish (
blue | 62 APM | 1224 actions | 19:51)
4 Archmage
2 Summon Water Elemental
2 Brilliance Aura
2 Mountain King
1 Storm Bolt
1 Bash
» actions
| Assign group hotkey | 9 | |
| Basic commands | 20 | |
| Build / train | 58 | |
| Enter build submenu | 17 | |
| Enter hero's abilities submenu | 6 | |
| Right click | 698 | |
| Select / deselect | 304 | |
| Select group hotkey | 41 | |
| Use ability | 71 | |
1224 total
» units
| Peasant | 8 | |
| Footman | 8 | |
| Priest | 2 | |
| Knight | 3 | |
| Spell Breaker | 2 | |
23 total
» upgrades
| Masonry | 3 | |
| Defend | 1 | |
| Plating | 1 | |
| Magic Sentry | 1 | |
| Priest Training | 2 | |
| Animal War Training | 1 | |
| Swords | 1 | |
10 total
» buildings
| Altar of Kings | 1 | |
| Farm | 8 | |
| Barracks | 1 | |
| Scout Tower | 2 | |
| Arcane Vault | 1 | |
| Arcane Tower | 1 | |
| Lumber Mill | 1 | |
| Keep | 1 | |
| Guard Tower | 5 | |
| Blacksmith | 1 | |
| Arcane Sanctum | 2 | |
| Castle | 1 | |
25 total
» build order
00:08 Altar of Kings
00:10 Farm
01:16 Barracks
01:32 Farm
01:36 Scout Tower
02:01 Arcane Vault
02:26 Arcane Tower
03:02 Lumber Mill
04:24 Farm
04:35 Keep
04:40 Scout Tower
05:15 Guard Tower
05:51 Blacksmith
07:25 Farm
09:24 Arcane Sanctum
09:28 Arcane Sanctum
10:08 Castle
10:09 Farm
10:10 Farm
12:38 Farm
12:40 Farm
12:55 Guard Tower
13:02 Guard Tower
13:33 Guard Tower
13:40 Guard Tower
» items
| Lesser Clarity Potion | 2 | |
| Scroll of Regeneration | 2 | |
| Scroll of Town Portal | 1 | |
| Ivory Tower | 4 | |
9 total
CHILDRENOFFORES (
red | 50 APM | 2460 actions | 49:17)
8 Archmage
3 Summon Water Elemental
3 Brilliance Aura
1 Mass Teleport
1 Blizzard
» actions
| Assign group hotkey | 85 | |
| Basic commands | 96 | |
| Build / train | 76 | |
| Enter build submenu | 24 | |
| Enter hero's abilities submenu | 8 | |
| Give item / drop item | 7 | |
| Right click | 1059 | |
| Select / deselect | 369 | |
| Select group hotkey | 590 | |
| Use ability | 146 | |
2460 total
» units
| Peasant | 16 | |
| Footman | 4 | |
| Gryphon Rider | 5 | |
25 total
» upgrades
| Lumber Harvesting | 2 | |
| Masonry | 3 | |
| Swords | 2 | |
| Animal War Training | 1 | |
| Armor | 1 | |
| Storm Hammers | 1 | |
10 total
» buildings
| Altar of Kings | 1 | |
| Barracks | 1 | |
| Farm | 14 | |
| Scout Tower | 10 | |
| Arcane Vault | 1 | |
| Keep | 1 | |
| Arcane Tower | 3 | |
| Town Hall | 2 | |
| Lumber Mill | 4 | |
| Gryphon Aviary | 4 | |
| Guard Tower | 8 | |
| Castle | 2 | |
| Blacksmith | 1 | |
52 total
» build order
00:15 Altar of Kings
00:22 Barracks
00:38 Farm
00:53 Farm
01:38 Farm
02:07 Scout Tower
02:28 Arcane Vault
03:12 Keep
03:21 Arcane Tower
03:22 Arcane Tower
04:53 Town Hall
04:55 Lumber Mill
04:57 Lumber Mill
05:26 Farm
05:59 Gryphon Aviary
06:15 Scout Tower
06:15 Scout Tower
06:15 Scout Tower
06:16 Scout Tower
06:57 Guard Tower
07:04 Guard Tower
07:12 Guard Tower
07:19 Guard Tower
07:19 Guard Tower
07:50 Castle
08:22 Gryphon Aviary
08:27 Blacksmith
08:57 Guard Tower
09:03 Farm
09:03 Farm
09:05 Farm
09:05 Farm
09:47 Gryphon Aviary
11:24 Scout Tower
11:24 Scout Tower
11:24 Scout Tower
11:26 Scout Tower
11:26 Scout Tower
12:22 Guard Tower
13:18 Guard Tower
15:23 Farm
15:23 Farm
16:42 Town Hall
16:45 Lumber Mill
16:50 Lumber Mill
17:06 Gryphon Aviary
17:09 Farm
17:09 Farm
17:09 Farm
17:10 Farm
» items
| Scroll of Regeneration | 3 | |
| Lesser Clarity Potion | 1 | |
| Staff of Teleportation | 1 | |
| Ivory Tower | 3 | |
| Potion of Invisibility | 3 | |
| Periapt of Vitality | 2 | |
| Potion of Lesser Invulnerability | 1 | |
| Scroll of Healing | 1 | |
15 total

»
CircaSurvive (
pink | 30 APM | 561 actions | 18:41)
3 Crypt Lord
2 Impale
1 Spiked Carapace
» actions
| Assign group hotkey | 50 | |
| Basic commands | 3 | |
| Build / train | 47 | |
| Enter build submenu | 13 | |
| Enter hero's abilities submenu | 3 | |
| Remove unit from queue | 2 | |
| Right click | 172 | |
| Select / deselect | 164 | |
| Select group hotkey | 85 | |
| Use ability | 21 | |
561 total
» units
| Acolyte | 5 | |
| Ghoul | 3 | |
| Crypt Fiend | 15 | |
| Necromancer | 6 | |
29 total
» upgrades
| Creature Carapace | 2 | |
| Creature Attack | 2 | |
| Necromancer Training | 2 | |
| Web | 1 | |
| Skeletal Mastery | 1 | |
8 total
» buildings
| Crypt | 1 | |
| Altar of Darkness | 1 | |
| Ziggurat | 6 | |
| Graveyard | 1 | |
| Tomb of Relics | 1 | |
| Spirit Tower | 2 | |
| Halls of the Dead | 1 | |
| Nerubian Tower | 0 | |
| Temple of the Damned | 1 | |
| Black Citadel | 1 | |
15 total
» build order
00:11 Crypt
00:20 Altar of Darkness
00:31 Ziggurat
01:46 Ziggurat
02:31 Graveyard
02:55 Ziggurat
03:38 Tomb of Relics
04:15 Spirit Tower
04:44 Ziggurat
05:38 Halls of the Dead
05:46 Nerubian Tower
05:50 Spirit Tower
08:02 Temple of the Damned
08:13 Ziggurat
10:04 Black Citadel
14:18 Ziggurat
Ramiz (
purple | 34 APM | 1698 actions | 49:41)
3 Paladin
2 Holy Light
1 Divine Shield
1 Mountain King
1 Storm Bolt
1 Goblin Tinker
1 Pocket Factory
1 Pandaren Brewmaster
1 Breath of Fire
» actions
| Assign group hotkey | 29 | |
| Basic commands | 114 | |
| Build / train | 67 | |
| Enter build submenu | 11 | |
| Enter hero's abilities submenu | 7 | |
| Give item / drop item | 2 | |
| Remove unit from queue | 1 | |
| Right click | 992 | |
| Select / deselect | 312 | |
| Select group hotkey | 100 | |
| Use ability | 60 | |
1698 total
» units
| Peasant | 24 | |
| Footman | 3 | |
| Gryphon Rider | 3 | |
| Gargoyle | 4 | |
| Crypt Fiend | 2 | |
36 total
» upgrades
| Swords | 1 | |
| Armor | 2 | |
| Lumber Harvesting | 1 | |
4 total
» buildings
| Altar of Kings | 1 | |
| Farm | 4 | |
| Barracks | 1 | |
| Scout Tower | 1 | |
| Arcane Tower | 1 | |
| Blacksmith | 1 | |
| Lumber Mill | 1 | |
| Keep | 1 | |
| Castle | 1 | |
| Arcane Sanctum | 1 | |
| Gryphon Aviary | 1 | |
14 total
» build order
00:14 Altar of Kings
00:31 Farm
00:53 Barracks
01:15 Farm
01:43 Scout Tower
02:19 Arcane Tower
02:39 Blacksmith
03:39 Lumber Mill
03:47 Keep
03:56 Farm
04:00 Farm
08:52 Castle
08:58 Arcane Sanctum
09:03 Gryphon Aviary
» items
| Scroll of Regeneration | 1 | |
| Lesser Clarity Potion | 1 | |
| Staff of Teleportation | 3 | |
| Potion of Lesser Invulnerability | 3 | |
| Boots of Speed | 2 | |
| Scroll of Town Portal | 2 | |
| Potion of Invisibility | 1 | |
| Scroll of Healing | 2 | |
15 total
team 2 (loser)
DaffyGoon (
yellow | 37 APM | 1824 actions | 49:38)
10 Blademaster
3 Wind Walk
3 Critical Strike
1 Bladestorm
3 Mirror Image
» actions
| Assign group hotkey | 59 | |
| Basic commands | 57 | |
| Build / train | 55 | |
| Enter build submenu | 20 | |
| Enter hero's abilities submenu | 10 | |
| Give item / drop item | 14 | |
| Right click | 1063 | |
| Select / deselect | 226 | |
| Select group hotkey | 200 | |
| Use ability | 120 | |
1824 total
» units
| Peon | 15 | |
| Grunt | 4 | |
| Troll Batrider | 7 | |
26 total
» upgrades
| Ranged Weapons | 3 | |
| Armor | 3 | |
| Reinforced Defenses | 1 | |
| Liquid Fire | 1 | |
| Troll Regeneration | 1 | |
| Envenomed Spears | 1 | |
| Pillage | 1 | |
11 total
» buildings
| Orc Burrow | 5 | |
| Altar of Storms | 1 | |
| Barracks | 1 | |
| Stronghold | 1 | |
| Voodoo Lounge | 1 | |
| War Mill | 1 | |
| Great Hall | 1 | |
| Beastiary | 4 | |
| Fortress | 1 | |
| Watch Tower | 6 | |
22 total
» build order
00:12 Orc Burrow
01:10 Altar of Storms
01:11 Barracks
01:19 Orc Burrow
02:46 Stronghold
03:13 Voodoo Lounge
03:42 Orc Burrow
04:07 War Mill
05:24 Great Hall
05:45 Beastiary
05:46 Beastiary
07:31 Orc Burrow
07:49 Orc Burrow
07:52 Fortress
08:09 Watch Tower
08:11 Watch Tower
08:21 Watch Tower
08:22 Watch Tower
08:23 Watch Tower
08:23 Watch Tower
13:31 Beastiary
13:32 Beastiary
» items
| Healing Salve | 1 | |
| Staff of Teleportation | 1 | |
| Periapt of Vitality | 1 | |
| Boots of Speed | 1 | |
| Scroll of Town Portal | 1 | |
5 total
JacquesBreI (
orange | 85 APM | 4239 actions | 49:41)
6 Archmage
2 Summon Water Elemental
2 Brilliance Aura
2 Blizzard
5 Blood Mage
3 Flame Strike
2 Banish
» actions
| Assign group hotkey | 92 | |
| Basic commands | 133 | |
| Build / train | 246 | |
| ESC pressed | 6 | |
| Enter build submenu | 70 | |
| Enter hero's abilities submenu | 11 | |
| Give item / drop item | 25 | |
| Remove unit from queue | 5 | |
| Right click | 1502 | |
| Select / deselect | 701 | |
| Select group hotkey | 884 | |
| Use ability | 564 | |
4239 total
» units
| Peasant | 25 | |
| Footman | 5 | |
| Sorceress | 1 | |
| Gryphon Rider | 3 | |
| Dragonhawk Rider | 1 | |
35 total
» upgrades
| Masonry | 3 | |
| Swords | 3 | |
| Armor | 3 | |
| Lumber Harvesting | 2 | |
| Sorceress Training | 2 | |
| Cloud | 1 | |
| Animal War Training | 1 | |
| Storm Hammers | 1 | |
| Plating | 3 | |
| Gunpowder | 3 | |
| Priest Training | 2 | |
| Control Magic | 1 | |
| Magic Sentry | 1 | |
| Long Rifles | 1 | |
| Defend | 1 | |
| Backpack | 1 | |
29 total
» buildings
| Farm | 9 | |
| Altar of Kings | 1 | |
| Barracks | 1 | |
| Lumber Mill | 4 | |
| Scout Tower | 39 | |
| Arcane Tower | 12 | |
| Arcane Vault | 1 | |
| Town Hall | 4 | |
| Keep | 3 | |
| Guard Tower | 72 | |
| Blacksmith | 1 | |
| Castle | 3 | |
| Gryphon Aviary | 5 | |
| Arcane Sanctum | 1 | |
156 total
» build order
00:54 Farm
00:57 Farm
01:00 Altar of Kings
01:02 Barracks
01:06 Farm
01:26 Farm
02:14 Farm
02:23 Lumber Mill
02:28 Scout Tower
03:23 Arcane Tower
03:24 Arcane Tower
04:09 Arcane Vault
04:18 Town Hall
04:20 Scout Tower
04:20 Scout Tower
04:21 Scout Tower
05:32 Keep
05:32 Keep
06:24 Guard Tower
06:25 Guard Tower
06:31 Blacksmith
08:04 Town Hall
08:06 Scout Tower
08:07 Scout Tower
08:07 Scout Tower
08:09 Scout Tower
08:22 Scout Tower
08:22 Scout Tower
08:23 Scout Tower
08:37 Castle
08:37 Castle
08:37 Castle
09:17 Guard Tower
09:17 Guard Tower
09:18 Guard Tower
09:18 Guard Tower
09:18 Guard Tower
10:29 Guard Tower
10:30 Guard Tower
10:30 Guard Tower
10:30 Guard Tower
11:12 Gryphon Aviary
11:13 Gryphon Aviary
13:29 Arcane Sanctum
14:55 Gryphon Aviary
14:55 Gryphon Aviary
16:12 Scout Tower
16:13 Scout Tower
16:14 Scout Tower
16:15 Scout Tower
16:15 Scout Tower
16:17 Scout Tower
16:18 Scout Tower
16:18 Scout Tower
16:27 Scout Tower
16:28 Scout Tower
16:29 Scout Tower
16:46 Guard Tower
16:46 Guard Tower
16:46 Guard Tower
16:54 Guard Tower
16:54 Guard Tower
16:56 Scout Tower
16:56 Scout Tower
16:57 Scout Tower
17:06 Guard Tower
17:06 Guard Tower
17:06 Guard Tower
17:06 Guard Tower
17:07 Guard Tower
17:32 Guard Tower
17:32 Guard Tower
17:32 Guard Tower
17:33 Guard Tower
17:33 Guard Tower
17:33 Guard Tower
17:34 Guard Tower
17:35 Guard Tower
17:35 Guard Tower
17:35 Guard Tower
17:36 Guard Tower
17:36 Guard Tower
17:40 Scout Tower
17:41 Scout Tower
17:42 Scout Tower
17:43 Scout Tower
17:45 Scout Tower
17:45 Scout Tower
17:49 Guard Tower
17:49 Guard Tower
18:10 Guard Tower
18:10 Guard Tower
19:09 Guard Tower
19:10 Guard Tower
19:10 Guard Tower
19:42 Farm
19:51 Gryphon Aviary
20:05 Farm
21:24 Farm
21:41 Farm
23:36 Scout Tower
23:38 Scout Tower
24:06 Guard Tower
24:06 Guard Tower
24:06 Guard Tower
24:09 Town Hall
24:10 Guard Tower
24:10 Guard Tower
24:13 Scout Tower
29:34 Town Hall
29:48 Scout Tower
29:50 Scout Tower
29:55 Scout Tower
29:58 Scout Tower
30:00 Scout Tower
30:18 Arcane Tower
30:18 Arcane Tower
30:18 Arcane Tower
30:23 Arcane Tower
30:23 Arcane Tower
30:23 Arcane Tower
30:44 Guard Tower
30:44 Guard Tower
30:44 Guard Tower
30:51 Guard Tower
30:51 Guard Tower
30:51 Guard Tower
40:30 Guard Tower
40:30 Guard Tower
41:15 Lumber Mill
41:18 Lumber Mill
42:03 Lumber Mill
» items
| Mechanical Critter | 4 | |
| Scroll of Regeneration | 8 | |
| Staff of Teleportation | 3 | |
| Periapt of Vitality | 5 | |
| Lesser Clarity Potion | 4 | |
| Tome of Retraining | 1 | |
| Scroll of Town Portal | 1 | |
| Potion of Invisibility | 2 | |
| Boots of Speed | 1 | |
| Potion of Healing | 1 | |
| Potion of Mana | 1 | |
| Scroll of Healing | 3 | |
34 total
J22Woo (
teal | 15 APM | 739 actions | 49:41)
5 Blademaster
3 Critical Strike
1 Wind Walk
1 Mirror Image
4 Far Seer
2 Feral Spirit
2 Chain Lighting
» actions
| Assign group hotkey | 4 | |
| Basic commands | 4 | |
| Build / train | 60 | |
| Enter build submenu | 17 | |
| Enter hero's abilities submenu | 9 | |
| Right click | 320 | |
| Select / deselect | 275 | |
| Select group hotkey | 9 | |
| Use ability | 39 | |
739 total
» units
| Peon | 7 | |
| Grunt | 13 | |
| Tauren | 10 | |
| Shaman | 2 | |
| Troll Headhunter/Berserker | 1 | |
33 total
» upgrades
| Melee Weapons | 3 | |
| Armor | 1 | |
| Berserker Strength | 1 | |
| Pulverize | 1 | |
| Shaman Training | 2 | |
8 total
» buildings
| Altar of Storms | 1 | |
| Orc Burrow | 9 | |
| Barracks | 1 | |
| Voodoo Lounge | 1 | |
| War Mill | 1 | |
| Stronghold | 1 | |
| Fortress | 1 | |
| Spirit Lodge | 1 | |
| Tauren Totem | 2 | |
| Watch Tower | 1 | |
19 total
» build order
00:07 Altar of Storms
00:10 Orc Burrow
00:51 Barracks
01:22 Voodoo Lounge
01:45 Orc Burrow
02:18 War Mill
04:28 Orc Burrow
05:05 Stronghold
07:26 Fortress
07:31 Spirit Lodge
09:56 Tauren Totem
09:59 Tauren Totem
11:44 Orc Burrow
12:27 Orc Burrow
14:43 Orc Burrow
18:43 Orc Burrow
18:46 Orc Burrow
18:51 Orc Burrow
21:01 Watch Tower
» items
| Healing Salve | 3 | |
| Potion of Healing | 2 | |
| Scroll of Town Portal | 1 | |
6 total

»
Dblbarrel (
green | 16 APM | 778 actions | 49:41)
1 Far Seer
1 Feral Spirit
» actions
| Assign group hotkey | 4 | |
| Basic commands | 34 | |
| Build / train | 34 | |
| Enter build submenu | 17 | |
| Enter hero's abilities submenu | 1 | |
| Right click | 257 | |
| Select / deselect | 280 | |
| Select group hotkey | 113 | |
| Use ability | 38 | |
778 total
» units
| Peon | 13 | |
| Grunt | 7 | |
| Troll Headhunter/Berserker | 1 | |
21 total
» upgrades
| Pillage | 1 | |
| Armor | 2 | |
| Melee Weapons | 1 | |
| Spiked Barricades | 1 | |
| Troll Regeneration | 1 | |
| Ranged Weapons | 1 | |
7 total
» buildings
| Orc Burrow | 9 | |
| War Mill | 1 | |
| Altar of Storms | 1 | |
| Barracks | 1 | |
| Voodoo Lounge | 1 | |
| Watch Tower | 3 | |
| Stronghold | 1 | |
| Fortress | 1 | |
18 total
» build order
00:25 Orc Burrow
00:36 War Mill
00:56 Altar of Storms
01:50 Barracks
03:47 Orc Burrow
05:36 Orc Burrow
05:58 Voodoo Lounge
07:37 Watch Tower
09:15 Watch Tower
10:01 Stronghold
10:16 Orc Burrow
10:25 Watch Tower
12:22 Orc Burrow
12:50 Orc Burrow
13:21 Orc Burrow
13:53 Fortress
13:58 Orc Burrow
14:20 Orc Burrow
» items
Chat log
(00:36 / All) DaffyGoon: work it make it do it makes us
(00:45 / All) DaffyGoon: harder better faster stronger
(00:58 / All) DaffyGoon: work it harder makes us better do it faster makes us stronger
(01:11 / All) CHILDRENOFFORES: wut are u talking about daffy
(02:31 / Allies) J22Woo: coming
(04:20 / Allies) J22Woo: go he had no units
(04:31 / Allies) Dblbarrel: so where u going
(04:36 / Allies) J22Woo: im weak
(04:38 / Allies) J22Woo: need healk
(04:41 / Allies) J22Woo: green why no shop
(04:46 / Allies) J22Woo: go in
(04:51 / Allies) J22Woo: hope u got wolfs
(05:02 / Allies) J22Woo: ill be right back
(05:16 / Allies) J22Woo: coming
(05:23 / Allies) J22Woo: orange come on
(05:27 / Allies) JacquesBreI: what
(06:15 / Allies) Dblbarrel: aall here
(06:37 / Allies) Dblbarrel: oj tyhis is RT notTD
(06:50 / Allies) JacquesBreI: it's RT not get stuck by your own carrion beetle
(07:13 / Allies) J22Woo: fuycking usless
(07:18 / Allies) J22Woo: come on team
(08:02 / Allies) Dblbarrel: RT noob not TD
(08:12 / Allies) JacquesBreI: carrion beetle noob
(08:32 / Allies) J22Woo: fucking do something u peices of shit
(08:35 / Allies) JacquesBreI: lol
(08:57 / Allies) Dblbarrel: he is making us lose
(09:02 / Allies) JacquesBreI: kill yourself
(09:07 / Allies) JacquesBreI: you get stuck behind your own carrion beetles
(09:26 / Allies) Dblbarrel: tower defense noob
(09:34 / Allies) JacquesBreI: carrion beetle noob
(10:42 / Allies) J22Woo: yellow how come u have NO UNITS
(10:55 / All) DaffyGoon: hilarious
(10:57 / All) CHILDRENOFFORES: the fuck
(11:00 / All) CHILDRENOFFORES: ur already lvl 6?
(11:24 / Allies) JacquesBreI: coming
(11:26 / Allies) JacquesBreI: omw to save you
(11:43 / Allies) Dblbarrel: yes 4 foots will save the day
(12:00 / Allies) JacquesBreI: damn straight
(13:35 / Allies) DaffyGoon: lumber?
(14:37 / Allies) J22Woo: ur fucking so dumb
(15:03 / Allies) JacquesBreI: watch this
(15:06 / All) DaffyGoon: I'll ease up on my bitch I guess
(16:14 / Allies) J22Woo: orange u have all this gold and wood for what?
(16:21 / Allies) JacquesBreI: I have no wood
(16:24 / Allies) JacquesBreI: so can't make many units
(16:25 / Allies) JacquesBreI: I need wood son
(16:33 / Allies) Dblbarrel: hes saving for the fukin moron fund
(17:38 / Allies) Dblbarrel: useless db
(18:30 / Allies) Dblbarrel: maKe units not more towers dumbass
(18:36 / Allies) JacquesBreI: Purp is out of the game
(18:38 / Allies) JacquesBreI: no workers
(19:50 / All) MUTHAFNGayFish: LAST 3 GAMES I GET NOOBS ON MY TEAM
(20:31 / Allies) J22Woo: aa
(20:36 / All) CHILDRENOFFORES: die burrows
(21:26 / All) DaffyGoon: Get lost ya faggot
(23:28 / Allies) J22Woo: i cant build burrows cuz he took out all my peons
(23:42 / Allies) DaffyGoon: that's a sad story
(24:19 / All) JacquesBreI: fuck
(24:23 / All) JacquesBreI: wish I knew a pendant was there earlier
(24:52 / All) DaffyGoon: Arashicage is simply a badass
(24:57 / All) DaffyGoon: One of the greatest blademasters
(25:06 / All) CHILDRENOFFORES: wts ring of protection plus 5
(26:14 / Allies) JacquesBreI: got claws +9 if you want it
(26:16 / All) CHILDRENOFFORES: ring 5 at middle
(26:23 / Allies) DaffyGoon: sure
(26:54 / All) DaffyGoon: too bad your team was so bad lel
(27:05 / All) DaffyGoon: I'm almost level 10 there's really nothing to kill
(27:07 / All) JacquesBreI: nowhere to even harass with these sweet items
(27:08 / All) CHILDRENOFFORES: i forgot they were owning green
(27:16 / All) CHILDRENOFFORES: pretty sure green used to have mass games
(27:21 / All) CHILDRENOFFORES: green did ur acct get closed
(27:55 / All) DaffyGoon: This is prime Arashicage and nothing to kill
(28:22 / All) JacquesBreI: +30 damn
(28:54 / All) CHILDRENOFFORES: i have no idea y
(30:34 / Allies) J22Woo: yellow do u know ur supposed to make units
(30:46 / Allies) DaffyGoon: that's not my understanding
(30:53 / Allies) JacquesBreI: not mine either
(30:56 / Allies) JacquesBreI: wtf are you talking about
(31:02 / Allies) J22Woo: apparently
(31:29 / Allies) JacquesBreI: how fast could you kill a siege golem with those items?
(31:38 / Allies) DaffyGoon: pretty quick
(31:53 / Allies) DaffyGoon: I kilt that un
(32:01 / Allies) JacquesBreI: I mean like the level 9 ones
(32:14 / Allies) JacquesBreI: those are always a bitch for me because of all the magic damage
(32:20 / Allies) JacquesBreI: wow it isn't even touching your HP and you are raping it
(32:21 / Allies) JacquesBreI: 320 crits
(32:26 / Allies) JacquesBreI: 328
(32:32 / Allies) JacquesBreI: pro
(32:51 / All) DaffyGoon: Yeah Arashicage is top 3 blademaster
(33:09 / All) DaffyGoon: Arashicage, Tojara
(33:25 / All) JacquesBreI: My blood mage is Sylvos Windrunner he is Sylvanas' brother
(33:47 / All) DaffyGoon: I only really check my blademaster names for some reason
(33:49 / Allies) JacquesBreI: can't you kill two heroes tyou fucking noob teal
(35:15 / Allies) J22Woo: ur a peice of shit yellow
(35:21 / Allies) DaffyGoon: what makes you say that
(35:41 / Allies) Dblbarrel: u need to ask?
(35:47 / All) JacquesBreI: those battle cattle don't stand a chance against Arashicage
(36:07 / Allies) J22Woo: yellow and orange both suck dick
(36:12 / Allies) J22Woo: they are the worst players ever
(36:20 / Allies) DaffyGoon: you're just rude you know that
(36:22 / Allies) JacquesBreI: which one of us has a base
(36:23 / Allies) JacquesBreI: and units
(36:24 / Allies) J22Woo: they have no units
(36:27 / Allies) DaffyGoon: You just hurt my feelings
(36:31 / Allies) JacquesBreI: also you are talking in allied chat no all chat
(36:31 / Allies) DaffyGoon: and I don't think we can work through this
(36:34 / Allies) JacquesBreI: if u didnt know
(36:36 / Allies) DaffyGoon: it'll take me a long time to get over that
(36:39 / Allies) J22Woo: ya i bet u did pussy bitch
(36:51 / Allies) DaffyGoon: that's a low down thing to say y'know
(37:12 / All) CHILDRENOFFORES: 1100 hp and 10 armor on archmage scary ooooo
(37:21 / All) CHILDRENOFFORES: i just saw a shitty scary movie
(37:26 / All) CHILDRENOFFORES: john carptenters the ward
(37:33 / All) DaffyGoon: horror movies suck
(37:37 / All) DaffyGoon: unless it's blended genre
(37:50 / All) CHILDRENOFFORES: wut do u mean daffy
(37:53 / All) CHILDRENOFFORES: blended like the shining?
(37:54 / All) DaffyGoon: like alien and the thing which are scifi
(38:51 / All) JacquesBreI: I need to go 100 food mercs again sometime
(39:26 / All) CHILDRENOFFORES: i havent seen that i nlong time
(39:36 / All) JacquesBreI: and merc heroes
(39:39 / All) JacquesBreI: we going to play anotehr game?
(39:44 / All) JacquesBreI: If so I'll do it then, too late this one
(39:46 / All) CHILDRENOFFORES: yes
(40:19 / All) CHILDRENOFFORES: shall i explain to wut purple what a standoff is?
(40:31 / All) JacquesBreI: yeah
(43:06 / Allies) JacquesBreI: don't kill towers
(43:11 / Allies) JacquesBreI: patrol around
(43:15 / Allies) JacquesBreI: and watch them take years to die
(43:57 / All) CHILDRENOFFORES: purple vaguely understands whats going on
(44:00 / All) CHILDRENOFFORES: i think he gets it
(45:17 / All) JacquesBreI: 4 farms
(45:39 / All) CHILDRENOFFORES: im not sure purple will stay
(45:49 / All) CHILDRENOFFORES: he doesnt really get it still
(45:51 / All) JacquesBreI: hope he does
(45:52 / All) DaffyGoon: then his spic ass gets a loss
(45:55 / All) JacquesBreI: dumbass green needs a loss
(45:59 / All) CHILDRENOFFORES: lawl
(46:06 / All) CHILDRENOFFORES: green gets losses plenty on his own
(46:12 / All) CHILDRENOFFORES: i thinkj purp may stay
(46:17 / All) JacquesBreI: fucking noob getting stuck behind his own beetle then blaming it on my base build
(46:20 / All) CHILDRENOFFORES: he'll prob still be asking what is going on in ally chat
(47:08 / All) CHILDRENOFFORES: i hope u win purple
(47:14 / All) JacquesBreI: Me too
(47:15 / All) CHILDRENOFFORES: it'll be purple vs green and teal
(47:16 / All) JacquesBreI: Good luck purple
(47:18 / All) CHILDRENOFFORES: for the champioship
(47:30 / Allies) JacquesBreI: 2 left
(47:32 / Allies) JacquesBreI: half hp
(47:42 / All) CHILDRENOFFORES: arcane tower
(47:43 / All) CHILDRENOFFORES: is slow
(48:22 / All) Ramiz: wtf )
(48:28 / Allies) J22Woo: gay
(48:32 / All) CHILDRENOFFORES: from mexico or spain?
(48:35 / All) CHILDRENOFFORES: or ja ja?
(48:36 / All) CHILDRENOFFORES: nay
(48:37 / All) CHILDRENOFFORES: thats it
(48:44 / All) Ramiz: who me
(48:51 / All) Ramiz: USA
(48:59 / All) CHILDRENOFFORES: good look eeryone, good luck purple hope u win this game
(48:59 / All) JacquesBreI: make sure to bladestorm in his last moments
(49:23 / All) JacquesBreI: Goodluck everyone
(49:26 / All) JacquesBreI: LET IT BEGIN, LET IT BEGIN!!!!
(49:32 / All) DaffyGoon: the ghosts of arashicage live on
(49:36 / All) DaffyGoon: 3 of them to fill his shoes